MWL (24 & UNDER)
BARRY'S BAY ORIOLES @ GRIM REAPERS
05/01/2029
 
TOP OF THE 1ST
Barry's Bay Orioles batting - Pitching for Grim Reapers : RHP Kade Brown
Pitching: RHP Kade Brown
Batting: LHB Ryan Rheaume 0-0: Ball
1-0: Ball
2-0: Ball
3-0: Base on Balls
Batting: LHB Joe Vásquez 0-0: Ball
1-0: Foul Ball, location: 2F
1-1: Called Strike
1-2: Ball
2-2: Strikes out swinging
Batting: SHB Terry Christian 0-0: Ball
1-0: Called Strike
1-1: Fielders Choice at 2nd, 4-6 (Groundball, 34)
Batting: RHB Bart Wade 0-0: SINGLE (Groundball, 56S) (infield hit)
Terry Christian to second
Batting: RHB Jim Martin 0-0: Fly out, F9 (Line Drive, 89M)
Top of the 1st over - 0 runs, 1 hit, 0 errors, 2 left on base; Barry's Bay 0 - Grim 0
BOTTOM OF THE 1ST
Grim Reapers batting - Pitching for Barry's Bay Orioles : RHP Félix González
Pitching: RHP Félix González
Batting: RHB Luis Samaripa 0-0: Called Strike
0-1: Swinging Strike
0-2: Ball
1-2: Ball
2-2: Ball
3-2: Strikes out swinging
Batting: RHB Holden Davis 0-0: Foul Ball, location: 2F
0-1: Ball
1-1: Foul Ball, location: 2F
1-2: Ball
2-2: Foul Ball, location: 2F
2-2: SINGLE (Groundball, 56D)
Batting: RHB Justin Geoghegan 0-0: Ball
1-0: Foul Ball, location: 2F
1-1: Ball
2-1: Foul Ball, location: 2F
2-2: DOUBLE (Flyball, 9LD)
Holden Davis to third
Runner from 3rd tries for Home, SAFE, throw made at trailing runner, OUT at third!
Batting: RHB Roberto Villela 0-0: Reached on error, E3 (Groundball, 34)
Batting: SHB Sean Moody 0-0: Ball
1-0: Called Strike
1-1: Ground out 1-3 (Groundball, 13S)
Bottom of the 1st over - 1 run, 2 hits, 1 error, 1 left on base; Barry's Bay 0 - Grim 1
TOP OF THE 2ND
Barry's Bay Orioles batting - Pitching for Grim Reapers : RHP Kade Brown
Batting: RHB Juan Morales 0-0: Called Strike
0-1: DOUBLE (Line Drive, 7LD)
Batting: RHB Manny Gutiérrez 0-0: Called Strike
0-1: Ball
1-1: Ball
2-1: Ground out 5-3 (Groundball, 56S)
Juan Morales to third
Batting: RHB Lynn Johnson 0-0: Foul Ball, location: 2F
0-1: Foul Ball, location: 2F
0-2: Ball
1-2: Ground out 6-3 (Groundball, 6)
Juan Morales scores
Batting: RHB Octávio Aldeguer 0-0: Called Strike
0-1: Ground out 6-3 (Groundball, 6M)
Top of the 2nd over - 1 run, 1 hit, 0 errors, 0 left on base; Barry's Bay 1 - Grim 1
BOTTOM OF THE 2ND
Grim Reapers batting - Pitching for Barry's Bay Orioles : RHP Félix González
Batting: RHB Joel Hebert 0-0: Foul Ball, location: 2F
0-1: Ball
1-1: DOUBLE (Line Drive, 7LD)
Batting: RHB Domingo Salinas 0-0: Ball
1-0: SINGLE (Groundball, 56) (infield hit)
Joel Hebert to third
Batting: SHB Frank Grant 0-0: Ball
Domingo Salinas steals 2nd base
1-0: DOUBLE (Groundball, 5L)
Joel Hebert scores
Domingo Salinas scores
Batting: RHB Juan Ortega 0-0: Ball
1-0: Fly out, F8 (Flyball, 8RD)
Batting: RHB Luis Samaripa 0-0: Ground out 6-3 (Groundball, 6)
Frank Grant to third
Batting: RHB Holden Davis 0-0: Ground out 5-3 (Groundball, 5S)
Bottom of the 2nd over - 2 runs, 3 hits, 0 errors, 1 left on base; Barry's Bay 1 - Grim 3
TOP OF THE 3RD
Barry's Bay Orioles batting - Pitching for Grim Reapers : RHP Kade Brown
Batting: LHB Ryan Rheaume 0-0: Ball
1-0: Ground out 6-3 (Groundball, 6S)
Batting: LHB Joe Vásquez 0-0: Ball
1-0: Ball
2-0: Called Strike
2-1: Ball
3-1: Foul Ball, location: 2F
3-2: Base on Balls
Batting: SHB Terry Christian 0-0: Swinging Strike
0-1: Ball
1-1: Swinging Strike
1-2: Foul Ball, location: 2F
1-2: Strikes out looking
Batting: RHB Bart Wade 0-0: Swinging Strike
0-1: Ground out U3 (Groundball, 34)
Top of the 3rd over - 0 runs, 0 hits, 0 errors, 1 left on base; Barry's Bay 1 - Grim 3
BOTTOM OF THE 3RD
Grim Reapers batting - Pitching for Barry's Bay Orioles : RHP Félix González
Batting: RHB Justin Geoghegan 0-0: Ball
1-0: Ball
2-0: Foul Ball, location: 2F
2-1: Foul Ball, location: 2F
2-2: Ball
3-2: Foul Ball, location: 2F
3-2: DOUBLE (Line Drive, 78D)
Batting: RHB Roberto Villela 0-0: Foul Ball, location: 2F
0-1: SINGLE (Flyball, 89S)
Justin Geoghegan to third
Batting: SHB Sean Moody 0-0: Ball
1-0: Swinging Strike
1-1: Foul Ball, location: 2F
1-2: Foul Ball, location: 2F
1-2: 3-RUN HOME RUN (Flyball, 9D), Distance : 404 ft
Batting: RHB Joel Hebert 0-0: Ground out U3 (Groundball, 34)
Batting: RHB Domingo Salinas 0-0: Swinging Strike
0-1: Ball
1-1: Fly out, F5 (Popup, 56S)
Batting: SHB Frank Grant 0-0: Ball
1-0: Ball
2-0: Ball
3-0: Called Strike
3-1: Foul Ball, location: 2F
3-2: Base on Balls
Batting: RHB Juan Ortega 0-0: Called Strike
0-1: Ball
1-1: Called Strike
1-2: Strikes out looking
Bottom of the 3rd over - 3 runs, 3 hits, 0 errors, 1 left on base; Barry's Bay 1 - Grim 6
TOP OF THE 4TH
Barry's Bay Orioles batting - Pitching for Grim Reapers : RHP Kade Brown
Batting: RHB Jim Martin 0-0: Swinging Strike
0-1: Called Strike
0-2: Strikes out swinging
Batting: RHB Juan Morales 0-0: Foul Ball, location: 2F
0-1: Called Strike
0-2: Foul Ball, location: 2F
0-2: Ball
1-2: Foul Ball, location: 2F
1-2: Foul Ball, location: 2F
1-2: Ball
2-2: Fly out, F7 (Flyball, 7S)
Batting: RHB Manny Gutiérrez 0-0: Ball
1-0: Ball
2-0: Called Strike
2-1: Ball
3-1: Foul Ball, location: 2F
3-2: Foul Ball, location: 2F
3-2: Strikes out swinging
Top of the 4th over - 0 runs, 0 hits, 0 errors, 0 left on base; Barry's Bay 1 - Grim 6
BOTTOM OF THE 4TH
Grim Reapers batting - Pitching for Barry's Bay Orioles : RHP Félix González
Pitching: LHP Edwin Parker
Batting: RHB Luis Samaripa 0-0: Ball
1-0: Ball
2-0: Called Strike
2-1: Ball
3-1: Base on Balls
Batting: RHB Holden Davis 0-0: Ball
1-0: Ball
2-0: Called Strike
2-1: Fly out, F1 (Line Drive, 13)
Batting: RHB Justin Geoghegan 0-0: Foul Ball, location: 2F
0-1: Hit by Pitch
Luis Samaripa to second
Batting: RHB Roberto Villela 0-0: Ball
1-0: Foul Ball, location: 2F
1-1: Foul Ball, location: 2F
1-2: 3-RUN HOME RUN (Flyball, 7D), Distance : 424 ft
Batting: SHB Sean Moody 0-0: Ball
1-0: Called Strike
1-1: Ball
2-1: Ball
3-1: Base on Balls
Batting: RHB Joel Hebert 0-0: Ball
1-0: Called Strike
1-1: Fly out, F8 (Flyball, 8RM)
Batting: RHB Domingo Salinas 0-0: Called Strike
0-1: Ground out 1-3 (Groundball, P)
Bottom of the 4th over - 3 runs, 1 hit, 0 errors, 1 left on base; Barry's Bay 1 - Grim 9
TOP OF THE 5TH
Barry's Bay Orioles batting - Pitching for Grim Reapers : RHP Kade Brown
Batting: RHB Lynn Johnson 0-0: DOUBLE (Line Drive, 7LM)
Batting: RHB Octávio Aldeguer 0-0: Fly out, F3 (Line Drive, 3)
Batting: LHB Ryan Rheaume 0-0: Ball
1-0: SINGLE (Flyball, 9LS)
Lynn Johnson to third
Runner from 3rd tries for Home, SAFE, throw made home
Batting: LHB Joe Vásquez 0-0: Ball
1-0: Fly out, F8 (Flyball, 8RD)
Runner from 1st tags up, SAFE at 2nd
Batting: SHB Terry Christian 0-0: Called Strike
0-1: Called Strike
0-2: Ball
1-2: Ball
2-2: Foul Ball, location: 2F
2-2: Ground out 5-3 (Groundball, 56)
Top of the 5th over - 1 run, 2 hits, 0 errors, 1 left on base; Barry's Bay 2 - Grim 9
BOTTOM OF THE 5TH
Grim Reapers batting - Pitching for Barry's Bay Orioles : LHP Edwin Parker
Batting: SHB Frank Grant 0-0: Ball
1-0: Ball
2-0: Ball
3-0: Swinging Strike
3-1: Base on Balls
Batting: RHB Juan Ortega 0-0: Foul Ball, location: 2F
0-1: Swinging Strike
0-2: Strikes out swinging
Batting: RHB Luis Samaripa 0-0: Called Strike
0-1: Ball
1-1: Foul Ball, location: 2F
1-2: Strikes out looking
Batting: RHB Holden Davis 0-0: Ball
1-0: Called Strike
1-1: Fly out, F8 (Line Drive, 8LD)
Bottom of the 5th over - 0 runs, 0 hits, 0 errors, 1 left on base; Barry's Bay 2 - Grim 9
TOP OF THE 6TH
Barry's Bay Orioles batting - Pitching for Grim Reapers : RHP Kade Brown
Batting: RHB Bart Wade 0-0: Called Strike
0-1: SINGLE (Line Drive, 3)
Batting: RHB Jim Martin 0-0: Foul Ball, location: 2F
0-1: Called Strike
0-2: Foul Ball, location: 2F
0-2: Ball
1-2: Grounds into double play, 1-4-3 (Groundball, 15S)
Batting: RHB Juan Morales 0-0: Called Strike
0-1: Ball
1-1: Called Strike
1-2: Ball
2-2: Foul Ball, location: 2F
2-2: Foul Ball, location: 2F
2-2: Ball
3-2: Base on Balls
Batting: RHB Manny Gutiérrez 0-0: Foul Ball, location: 2F
0-1: Foul Ball, location: 2F
0-2: Strikes out swinging
Top of the 6th over - 0 runs, 1 hit, 0 errors, 1 left on base; Barry's Bay 2 - Grim 9
BOTTOM OF THE 6TH
Grim Reapers batting - Pitching for Barry's Bay Orioles : LHP Edwin Parker
Batting: RHB Justin Geoghegan 0-0: Foul Ball, location: 2F
0-1: Foul Ball, location: 2F
0-2: Strikes out looking
Batting: RHB Roberto Villela 0-0: Ball
1-0: Ball
2-0: Swinging Strike
2-1: Ball
3-1: Swinging Strike
3-2: Foul Ball, location: 2F
3-2: Foul Ball, location: 2F
3-2: Base on Balls
Batting: SHB Sean Moody 0-0: Ball
1-0: Foul Ball, location: 2F
1-1: Swinging Strike
1-2: Foul Ball, location: 2F
1-2: SINGLE (Flyball, 9LM)
Roberto Villela to second
Runner from 2nd tries for 3rd, SAFE, throw made to third
Batting: RHB Joel Hebert 0-0: Ball
1-0: Ball
2-0: Ball
3-0: Called Strike
3-1: Base on Balls
Sean Moody to second
Batting: RHB Domingo Salinas 0-0: Ball
1-0: Foul Ball, location: 2F
1-1: Called Strike
1-2: Strikes out swinging
Batting: SHB Frank Grant 0-0: Foul Ball, location: 2F
0-1: Swinging Strike
0-2: Ball
1-2: Strikes out swinging
Bottom of the 6th over - 0 runs, 1 hit, 0 errors, 3 left on base; Barry's Bay 2 - Grim 9
TOP OF THE 7TH
Barry's Bay Orioles batting - Pitching for Grim Reapers : RHP Kade Brown
Batting: RHB Lynn Johnson 0-0: Called Strike
0-1: Ball
1-1: Swinging Strike
1-2: Foul Ball, location: 2F
1-2: Strikes out swinging
Batting: RHB Octávio Aldeguer 0-0: Called Strike
0-1: Foul Ball, location: 2F
0-2: Ball
1-2: Ball
2-2: Ball
3-2: Base on Balls
Batting: LHB Ryan Rheaume 0-0: SINGLE (Groundball, 25) (infield hit)
Octávio Aldeguer to second
Batting: LHB Joe Vásquez 0-0: Ball
1-0: Called Strike
1-1: Called Strike
1-2: Strikes out swinging
Batting: SHB Terry Christian 0-0: Swinging Strike
0-1: Ball
1-1: Ball
2-1: Fly out, F7 (Flyball, 7LSF)
Top of the 7th over - 0 runs, 1 hit, 0 errors, 2 left on base; Barry's Bay 2 - Grim 9
BOTTOM OF THE 7TH
Grim Reapers batting - Pitching for Barry's Bay Orioles : LHP Edwin Parker
Batting: RHB Juan Ortega 0-0: Ball
1-0: Ball
2-0: Ball
3-0: Base on Balls
Batting: RHB Luis Samaripa 0-0: Ball
1-0: Ball
2-0: Ball
3-0: Called Strike
3-1: Called Strike
3-2: Base on Balls
Juan Ortega to second
Pitching: RHP Gordon Young
Batting: RHB Holden Davis 0-0: Ball
Wild Pitch!
Juan Ortega to third
Luis Samaripa to second
1-0: Ball
2-0: Called Strike
2-1: Swinging Strike
2-2: DOUBLE (Line Drive, 89D)
Juan Ortega scores
Luis Samaripa scores
Batting: RHB Justin Geoghegan 0-0: Ball
1-0: Called Strike
1-1: Ball
2-1: Foul Ball, location: 2F
2-2: Ball
3-2: Base on Balls
Batting: RHB Roberto Villela 0-0: Called Strike
0-1: Ball
1-1: 3-RUN HOME RUN (Line Drive, 7LD), Distance : 371 ft
Batting: SHB Sean Moody 0-0: Called Strike
0-1: Swinging Strike
0-2: Hit by Pitch, AND HE CHARGES THE MOUND! The benches clear!
Pitching: RHP A.J. Martin
Pinch Runner at 1st Pedro López:
Batting: RHB Joel Hebert 0-0: Called Strike
0-1: Ball
1-1: Ball
2-1: Ball
3-1: Base on Balls
Pedro López to second
Pinch Hitting: LHB Marcos Fontanez 0-0: Ball
1-0: Called Strike
1-1: Foul Ball, location: 2F
1-2: Foul Ball, location: 2F
1-2: Foul Ball, location: 2F
1-2: Foul Ball, location: 2F
1-2: Ball
2-2: Fly out, F9 (Flyball, 9S)
Batting: SHB Frank Grant 0-0: Called Strike
0-1: SINGLE (Flyball, 78S)
Pedro López to third
Joel Hebert to second
Runner from 3rd tries for Home, SAFE, no throw
Batting: RHB Juan Ortega 0-0: Ball
1-0: Called Strike
1-1: Swinging Strike
1-2: Foul Ball, location: 2F
1-2: Fielders Choice at 2nd, 6-4 (Groundball, 6)
Joel Hebert to third
Batting: RHB Luis Samaripa 0-0: Called Strike
0-1: Ball
1-1: Ball
2-1: Ball
3-1: Base on Balls
Juan Ortega to second
Batting: RHB Holden Davis 0-0: Fly out, F9 (Flyball, 89M)
Bottom of the 7th over - 6 runs, 3 hits, 0 errors, 3 left on base; Barry's Bay 2 - Grim 15
TOP OF THE 8TH
Barry's Bay Orioles batting - Pitching for Grim Reapers : RHP Kade Brown
Now at 1B: Marcos Fontanez
Now in LF: Pedro López
Batting: RHB Bart Wade 0-0: Ball
1-0: Ball
2-0: Foul Ball, location: 2F
2-1: TRIPLE (Flyball, 78XD)
Batting: RHB Jim Martin 0-0: Ball
1-0: Ground out 4-3 (Groundball, 4)
Bart Wade scores
Pitching: LHP Josh Hammond
Batting: RHB Juan Morales 0-0: Called Strike
0-1: Ball
1-1: Ball
2-1: Ball
3-1: Base on Balls
Batting: RHB Manny Gutiérrez 0-0: Foul Ball, location: 2F
0-1: Ball
1-1: Ball
2-1: Swinging Strike
2-2: Strikes out swinging
Batting: RHB Lynn Johnson 0-0: Ball
1-0: Foul Ball, location: 2F
1-1: Foul Ball, location: 2F
1-2: Ball
2-2: Strikes out swinging
Top of the 8th over - 1 run, 1 hit, 0 errors, 1 left on base; Barry's Bay 3 - Grim 15
BOTTOM OF THE 8TH
Grim Reapers batting - Pitching for Barry's Bay Orioles : RHP A.J. Martin
Batting: RHB Justin Geoghegan 0-0: Foul Ball, location: 2F
0-1: Ball
1-1: Foul Ball, location: 2F
1-2: Ball
2-2: Foul Ball, location: 2F
2-2: Ball
3-2: Base on Balls
Batting: RHB Roberto Villela 0-0: Called Strike
0-1: Ball
1-1: Ball
2-1: Ball
3-1: Base on Balls
Justin Geoghegan to second
Batting: RHB Pedro López 0-0: Called Strike
0-1: Swinging Strike
0-2: Ball
1-2: Strikes out swinging
Batting: RHB Joel Hebert 0-0: Fly out, F8 (Flyball, 8LM)
Batting: LHB Marcos Fontanez 0-0: SINGLE (Groundball, 6MD)
Justin Geoghegan to third
Roberto Villela to second
Runner from 3rd tries for Home, SAFE, no throw
Batting: SHB Frank Grant 0-0: Called Strike
0-1: Ground out 6-3 (Groundball, 6M)
Bottom of the 8th over - 1 run, 1 hit, 0 errors, 2 left on base; Barry's Bay 3 - Grim 16
TOP OF THE 9TH
Barry's Bay Orioles batting - Pitching for Grim Reapers : LHP Josh Hammond
Batting: RHB Octávio Aldeguer 0-0: Hit by Pitch
Batting: LHB Ryan Rheaume 0-0: Ball
1-0: Ball
2-0: Called Strike
2-1: Swinging Strike
2-2: Foul Ball, location: 2F
2-2: Strikes out looking
Batting: LHB Joe Vásquez 0-0: Ball
1-0: Called Strike
1-1: Ball
2-1: Called Strike
2-2: SINGLE (Groundball, 3D)
Octávio Aldeguer to second
Batting: SHB Terry Christian 0-0: Ball
1-0: Foul Ball, location: 2F
1-1: Foul Ball, location: 2F
1-2: Ball
2-2: Ball
Wild Pitch!
Octávio Aldeguer to third
Joe Vásquez to second
3-2: Base on Balls
Batting: RHB Bart Wade 0-0: Swinging Strike
0-1: Ball
1-1: Foul Ball, location: 2F
1-2: Strikes out swinging
Batting: RHB Jim Martin 0-0: Swinging Strike
0-1: Ball
1-1: Swinging Strike
1-2: Strikes out looking
Top of the 9th over - 0 runs, 1 hit, 0 errors, 3 left on base; Barry's Bay 3 - Grim 16
Saturday, December 16th, 2017 - OOTP Baseball 18.8 Build 76